 Dungeon Crawl Stone Soup version 0.31-a0-187-gba352fbbf7 (webtiles) character file.

Game seed: 12864408642845780692

122 qw the Skirmisher (level 4, -1/25 HPs)
             Began as a Deep Elf Hunter on June 22, 2023.
             Slain by a sky beast (4 damage)
             ... on level 3 of the Dungeon.
             The game lasted 00:00:53 (2273 turns).

qw the Skirmisher (Deep Elf Hunter)                 Turns: 2273, Time: 00:00:53

Health: -1/25      AC:  5    Str: 10    XL:     4   Next: 78%
Magic:  6/6        EV: 11    Int: 14    God:
Gold:   100        SH:  0    Dex: 18    Spells: 3/3 levels left

rFire   . . .        Y - +0 arbalest
rCold   . . .        (shield currently unavailable)
rNeg    . . .        k - +0 ring mail
rPois   .            (no helmet)
rElec   .            (no cloak)
rCorr   .            (no gloves)
SInv    .            (no boots)
Will    .....        (no amulet)
Stlth   +            (no ring)
HPRegen 0.24/turn    (no ring)
MPRegen 0.10/turn

%: no passive effects
@: about to teleport
A: no striking features
a: no special abilities


You were on level 3 of the Dungeon.
You visited 1 branch of the dungeon, and saw 4 of its levels.

You collected 100 gold pieces.


   Skills:
 - Level 1.5 Fighting
 + Level 8.2 Ranged Weapons
 - Level 2.4 Dodging
 - Level 1.2 Stealth


You had 3 spell levels left.
You didn't know any spells.
Your spell library was empty.

Inventory:

Hand Weapons
 Y - a +0 arbalest (weapon)
Armour
 k - a +0 ring mail (worn)
Scrolls
 c - a scroll of identify
Potions
 d - a potion of heal wounds
 i - a potion of might
 j - a potion of curing {unknown}

Dungeon Overview and Level Annotations

Branches:
Dungeon (4/15)
 Temple: D:4-7

Altars:
Gozag

Shops:
D:2 [

Annotations:
D:3 3 runed translucent doors, qw's ghost, amateur GrFi


Message History

You climb downwards.
The orc shouts!
You hear a shout! x2; The hound barks!
You hear a shout! x2
There is a stone staircase leading up here.
There are monsters nearby!
Waypoint 3 assigned to D:4.
You shoot a bolt. The bolt misses the sky beast.
You shoot a bolt. The bolt hits the sky beast!
The sky beast is heavily wounded.
The hound barely misses you.
The sky beast hits you but does no damage.
The hound barely misses you.
The sky beast flickers out of sight!
Deactivating autopickup; reactivate with Ctrl-A.
Something hits you but does no damage. The hound bites you.
2270 ||| STAIRDANCE The hound bites you.
The orc hits you with a +0 club. Something hits you. Something shocks you.
You climb upwards.
Level annotation: 3 runed translucent doors, qw's ghost, amateur GrFi Reactivating autopickup.
There is a stone staircase leading down here.
Enter note:
Enter note:
Enter note:
Enter note:
Enter note:
Enter note:
Enter note:
Enter note:
Enter note: You shoot a bolt.
The bolt hits the hound!
The hound is severely wounded.
The hound closely misses you. The hound bites you.
Something hits you but does no damage.
Deactivating autopickup; reactivate with Ctrl-A.
The orc barely misses you. The hound bites you. Something hits you.
Something shocks you. The orc barely misses you.
2273 ||| READING scroll of teleportation.
As you read the scroll of teleportation, it crumbles to dust.
You feel strangely unstable. The hound closely misses you. Something hits you.
You die...

......#<# ##.............#
###.#.#.###..##..........#
#.#.......###..........# #
#.##....### #..........#
###.#...#.# ##.###.....#
.##...#.#.# #.# #.....#
......#...# #.# ##....#
##...)...## ##{# #....#
#...###..#####o@#
#....#### #...#
##......h## ###.....#
#...#
##.##....######.....#
#...# #.#####............#
#...# #.# #######..>...#
#...# ##.# ##.....# #####
#..# #####.....# ##.##
####.........#
##..######....###.....#


You could see a hound and an orc.

Vanquished Creatures
  An orc wizard (D:2)
  3 adders
  A worm (D:2)
  5 orcs
  4 endoplasms
  3 giant cockroaches
  7 goblins
  6 hobgoblins
  4 jackals (D:2)
  3 kobolds (D:2)
  2 quokkas
  4 ball pythons
  4 bats
  6 frilled lizards
  7 rats
60 creatures vanquished.

Notes
Turn   | Place    | Note
-------+----------+-------------------------------------------
     0 | D:1      | qw the Deep Elf Hunter began the quest for the Orb.
     0 | D:1      | Reached XP level 1. HP: 12/12 MP: 3/3
     0 | D:1      | 0 ||| qw: Version: 0.3-a-9-g12657ce
     0 | D:1      | 0 ||| qw: Game counter: 2239
     0 | D:1      | 0 ||| qw: Always use a shield: true
     0 | D:1      | 0 ||| qw: God list: Okawaru
     0 | D:1      | 0 ||| qw: Allow faded altars: false
     0 | D:1      | 0 ||| qw: Do Orc after D:15 true
     0 | D:1      | 0 ||| qw: Do second Lair branch before Depths: true
     0 | D:1      | 0 ||| qw: Lair rune preference: random
     0 | D:1      | 0 ||| qw: Plans: Normal
     0 | D:1      | 0 ||| PLANNING D:1-11
   114 | D:1      | Reached XP level 2. HP: 16/16 MP: 4/4
   130 | D:1      | Reached skill level 6 in Ranged Weapons
   752 | D:1      | 752 ||| UPGRADING to +0 ring mail.
   762 | D:1      | 762 ||| DROPPING +0 leather armour.
   763 | D:1      | 763 ||| READING scroll labelled GOT HITUTZ.
   764 | D:1      | 764 ||| READING scroll labelled LOIMIU BYAVAS.
   765 | D:1      | 765 ||| READING 2 scrolls labelled PECZAA RIRUCZI.
   768 | D:1      | 768 ||| DRINKING 2 bubbling cyan potions.
   769 | D:1      | 769 ||| DROPPING scroll of butterflies.
   874 | D:2      | Reached XP level 3. HP: 20/20 MP: 5/5
   963 | D:2      | Reached skill level 7 in Ranged Weapons
  1047 | D:2      | 1047 ||| FLEEEEING.
  1048 | D:2      | 1048 ||| FLEEEEING.
  1049 | D:2      | 1049 ||| FLEEEEING.
  1050 | D:2      | 1050 ||| FLEEEEING.
  1054 | D:2      | 1054 ||| STAIRDANCE
  1082 | D:1      | 1082 ||| READING scroll labelled FETESUSICUU.
  1183 | D:1      | 1183 ||| READING scroll labelled PAFFOI CACAEB.
  1184 | D:1      | 1184 ||| READING scroll labelled PEWNIA UMOI.
  1215 | D:2      | 1215 ||| Stepping ~*~*~tactically~*~*~ (outnumbered).
  1361 | D:2      | Reached XP level 4. HP: 25/25 MP: 6/6
  1376 | D:2      | Found Onugotuw's Armour Shop.
  1385 | D:2      | 1385 ||| SHOPLISTING +0 helmet (58 gold, have 55).
  1385 | D:2      | 1385 ||| SHOPLISTING +0 pair of boots of stealth (149 gold,
                  | have 55).
  1664 | D:2      | HP: 5/25 [orc/+0 club (2)]
  1664 | D:2      | HP: 1/25 [orc/+2 trident of protection (4)]
  1665 | D:2      | 1665 ||| DRINKING potion of heal wounds.
  1750 | D:2      | 1750 ||| DROPPING ring of wizardry.
  1751 | D:2      | 1751 ||| READING scroll labelled LACLUZXUIT.
  1752 | D:2      | 1752 ||| READING 3 scrolls of identify.
  1752 | D:2      | 1752 ||| IDENTIFYING fuming green potion
  1753 | D:2      | 1753 ||| READING 2 scrolls of identify.
  1753 | D:2      | 1753 ||| IDENTIFYING fuming silvery potion
  1754 | D:2      | 1754 ||| DROPPING potion of lignification.
  1755 | D:2      | 1755 ||| DROPPING potion of magic.
  1801 | D:3      | Reached skill level 8 in Ranged Weapons
  1918 | D:3      | Found a runed translucent gate.
  1918 | D:3      | Found a runed translucent gate.
  1918 | D:3      | Found a runed translucent gate.
  1919 | D:3      | Found an opulent altar of Gozag.
  1920 | D:3      | Noticed qw's ghost (amateur GrFi)
  1951 | D:3      | 1951 ||| SWAPPING to +0 arbalest.
  1952 | D:3      | 1952 ||| DROPPING +0 heavy shortbow.
  2247 | D:3      | 2247 ||| DROPPING ring of flight.
  2248 | D:3      | 2248 ||| READING scroll labelled LAIMATSUZOMM.
  2249 | D:3      | 2249 ||| READING 2 scrolls of identify.
  2249 | D:3      | 2249 ||| IDENTIFYING fuming pink potion
  2267 | D:4      | Noticed a sky beast
  2270 | D:4      | 2270 ||| STAIRDANCE
  2272 | D:3      | HP: 2/25 [something (5)]
  2273 | D:3      | 2273 ||| READING scroll of teleportation.
  2273 | D:3      | Slain by a sky beast

Levels and vault maps discovered:
D:1:      lightli_arrival_farm, layout_loops_ring, chequers_jeans,
          minmay_misc_feat_columns, kennysheep_decorative_pillar
D:2:      layout_basic, serial_shops, nicolae_shop_trees
D:3:      layout_rooms, ebering_ghost_gozag
D:4:      layout_basic, nicolae_shop_distant_corner_stores, minmay_checkerbox

Skill      XL: |  1  2  3  4 |
---------------+-------------+-----
Ranged Weapons | 6 7 8 |  8.2
Fighting       | |  1.5
Dodging        | |  2.4
Stealth        | |  1.2

Action                     |  1- 3 |  4- 6 || total
---------------------------+-------+-------++-------
   Fire: Shortbow          |   126 |    32 ||   158
         Arbalest          |       |     6 ||     6
    Use: Scroll            |     6 |     6 ||    12
         Potion            |     1 |     1 ||     2
 Armour: Leather armour    |     3 |       ||     3
         Ring mail         |    16 |    11 ||    27
  Dodge: Dodged            |    37 |    21 ||    58

Table legend:
 A = Non-vault XP
 B = Vault XP
 C = Vault XP percentage of total XP
 D = Non-vault monster count
 E = Vault monster count
 F = Vault count percentage of total count
                 A         B        C        D         E       F
            +---------+---------+-------+---------+---------+-------
      Total |     175 |       0 |   0.0 |      60 |       0 |   0.0
            +---------+---------+-------+---------+---------+-------
        D:1 |      29 |       0 |   0.0 |      18 |       0 |   0.0
        D:2 |     119 |       0 |   0.0 |      34 |       0 |   0.0
        D:3 |      27 |       0 |   0.0 |       8 |       0 |   0.0
            +---------+---------+-------+---------+---------+-------
